Map: [TLMC15] Hardwire

Players

DPGZest (Zest)

  • Race: Protoss Protoss

ByuN - Winner!

  • Race: Terran Terran

Event: StayAtHome Story Cup #4

VOD

Have the link to the VOD?

Description

Time

  • Played on: Oct. 24, 2021, 9:51 a.m.
  • Length: 11:53

All games in this series

Show
View Real Time Build Order
Export as new Build Order

DPGZest Protoss 

Build Orders: 1 Gate Expand, Colossus Rush 

Get SALT Encoding   

  12  0:00  Probe  
  13  0:12  Probe  
  14  0:17  Pylon  
  14  0:24  Probe (Chrono Boost)  
  15  0:36  Gateway, Probe (Chrono Boost)  
  16  0:44  Probe (Chrono Boost)  
  16  0:45  Assimilator  
  17  0:51  Probe  
  18  1:03  Probe  
  19  1:15  Probe  
  20  1:23  Cybernetics Core  
  20  1:32  Nexus  
  20  1:36  Probe  
  21  1:43  Pylon  
  21  1:48  Probe  
  21  1:52  Assimilator  
  22  1:58  Stalker (Chrono Boost)  
  24  2:02  Probe  
  24  2:05  Warp Gate  
  24  2:14  Probe  
  25  2:21  Stalker  
  27  2:26  Probe (Chrono Boost)  
  28  2:34  Robotics Facility  
  28  2:36  Probe (Chrono Boost)  
  30  2:44  Probe (Chrono Boost)  
  30  2:45  Probe (Chrono Boost)  
  30  2:51  Stalker  
  33  2:54  Probe (Chrono Boost)  
  33  2:56  Probe (Chrono Boost)  
  35  3:00  Probe  
  35  3:05  Probe (Chrono Boost)  
  37  3:06  Gateway  
  36  3:13  Probe (Chrono Boost)  
  38  3:21  Stalker  
  38  3:22  Observer  
  38  3:23  Probe (Chrono Boost)  
  38  3:24  Probe (Chrono Boost)  
  42  3:27  Pylon  
  42  3:29  Probe (Chrono Boost)  
  42  3:30  Probe (Chrono Boost)  
  44  3:39  Probe  
  45  3:41  Probe  
  45  3:44  Assimilator  
  45  3:45  Observer  
  47  3:50  Pylon  
  47  3:51  Probe  
  47  3:52  Assimilator  
  48  3:58  Probe  
  48  4:02  Stalker x2  
  53  4:03  Probe  
  53  4:04  Observer  
  53  4:09  Observer (Chrono Boost)  
  55  4:10  Probe  
  55  4:15  Probe  
  55  4:25  Probe  
  55  4:28  Probe  
  57  4:37  Probe  
  58  4:39  Robotics Bay  
  58  4:40  Forge  
  58  4:42  Sentry  
  61  4:49  Pylon  
  61  4:52  Nexus  
  60  5:06  Probe x2  
  62  5:11  Gateway  
  62  5:12  Gateway  
  62  5:14  Protoss Ground Weapons Level 1  
  62  5:23  Colossus (Chrono Boost)  
  62  5:26  Gateway  
  62  5:27  Gateway  
  68  5:33  Extended Thermal Lance  
  68  5:35  Sentry  
  68  5:37  Shield Battery  
  66  5:54  Stalker  
  67  6:01  Shield Battery  
  67  6:07  Colossus (Chrono Boost)  
  64  6:27  Stalker  
  64  6:28  Stalker  
  64  6:32  Zealot x3  
  64  6:33  Zealot  
  64  6:35  Probe x2  
  72  6:46  Probe (Chrono Boost)  
  72  6:47  Probe x2 (Chrono Boost)  
  72  6:52  Stalker x2  
  77  6:54  Colossus  
  77  6:56  Shield Battery  
  77  6:57  Probe x2 (Chrono Boost)  
  85  7:07  Pylon  
  85  7:11  Twilight Council  
  85  7:12  Observer  
  85  7:13  Probe  
  85  7:14  Observer  
  85  7:20  Protoss Ground Armor Level 1 (Chrono Boost)  
  85  7:24  Pylon  
  85  7:25  Shield Battery, Probe (Chrono Boost)  
  85  7:28  Probe (Chrono Boost)  
  85  7:29  Probe (Chrono Boost)  
  88  7:31  Sentry  
  88  7:32  Zealot  
  88  7:35  Charge (Chrono Boost)  
  93  7:37  Probe (Chrono Boost)  
  93  7:41  Pylon  
  93  7:43  Probe x3 (Chrono Boost)  
  95  7:49  Immortal  
  100  7:51  Pylon  
  100  7:52  Assimilator  
  100  7:54  Probe  
  101  8:00  Probe x2 (Chrono Boost), Assimilator  
  103  8:06  Probe (Chrono Boost)  
  103  8:11  Pylon  
  106  8:16  Gateway  
  106  8:17  Probe x3 (Chrono Boost)  
  106  8:18  Gateway  
  106  8:22  Probe (Chrono Boost)  
  106  8:23  Probe x2 (Chrono Boost)  
  106  8:24  Observer  
  107  8:28  Immortal  
  107  8:31  Robotics Facility  
  107  8:32  Probe  
  112  8:38  Sentry  
  112  8:39  Stalker x3  
  120  8:42  Photon Cannon  
  120  8:43  Pylon, Observer  
  120  8:50  Stalker  
  120  8:51  Stalker  
  124  9:07  Stalker x4  
  132  9:16  Immortal  
  130  9:20  Zealot x2  
  130  9:23  Protoss Ground Weapons Level 2 (Chrono Boost)  
  132  9:27  Pylon  
  132  9:28  Pylon  
  132  9:30  Pylon  
  131  9:36  Zealot  
  132  9:44  Pylon, Disruptor (Chrono Boost)  
  135  9:50  Zealot x6  
  147  10:04  Immortal (Chrono Boost)  
  147  10:11  Gateway x2  
  147  10:12  Zealot x3  
  153  10:15  Gateway x2  
  153  10:19  Templar Archives  
  153  10:29  Stalker x2  
  123  10:47  Zealot x4  
  97  10:55  Zealot x2  
  83  10:57  Immortal  
  83  11:07  High Templar x6  
  83  11:09  Zealot  
  97  11:13  Archon x2  
  97  11:14  Archon  
  97  11:15  Zealot x2  
  97  11:17  Zealot  
  81  11:31  Zealot  
  83  11:37  Zealot  
  83  11:38  Zealot x2  
  79  11:40  Zealot x3  
  79  11:41  Zealot x3  
Show
View Real Time Build Order
Export as new Build Order

ByuN Terran - Winner!

Build Orders:  

Get SALT Encoding   

  12  0:00  SCV  
  13  0:12  SCV  
  14  0:16  Supply Depot  
  14  0:24  SCV  
  15  0:38  Barracks  
  15  0:39  SCV  
  16  0:44  Refinery  
  16  0:51  SCV  
  16  0:55  Refinery  
  17  1:03  SCV  
  18  1:15  SCV  
  19  1:25  Reaper  
  20  1:27  Orbital Command  
  20  1:42  Factory  
  20  1:52  SCV  
  20  1:53  Supply Depot  
  21  2:04  SCV  
  22  2:18  SCV, Barracks Reactor  
  23  2:22  Command Center  
  23  2:27  Widow Mine  
  25  2:30  SCV  
  25  2:36  Starport  
  26  2:42  SCV  
  27  2:45  Supply Depot  
  27  2:48  Widow Mine  
  29  2:55  SCV  
  29  2:57  Marine  
  31  3:07  SCV, Marine  
  33  3:14  Widow Mine  
  33  3:15  Medivac  
  33  3:19  SCV  
  37  3:27  Marine x2  
  39  3:34  SCV, Bunker  
  39  3:35  Factory Tech Lab  
  39  3:37  Orbital Command  
  40  3:46  SCV, Marine x2  
  43  3:52  Starport Tech Lab  
  43  3:54  Siege Tank  
  46  4:00  Supply Depot  
  46  4:03  SCV x2  
  46  4:05  Marine  
  46  4:06  Marine  
  50  4:10  Raven  
  50  4:15  SCV x2  
  52  4:24  Marine x2  
  52  4:27  SCV  
  52  4:28  SCV  
  54  4:32  Barracks  
  54  4:34  Siege Tank  
  54  4:37  Refinery  
  55  4:39  SCV  
  55  4:40  SCV  
  55  4:45  Supply Depot  
  57  4:47  Marine x2  
  57  4:52  SCV x2  
  61  4:53  Engineering Bay  
  61  5:04  SCV  
  61  5:06  SCV  
  63  5:07  Siege Tank  
  63  5:08  Barracks  
  63  5:14  Supply Depot  
  66  5:17  SCV  
  66  5:18  SCV  
  68  5:21  Marine  
  68  5:22  Stimpack  
  68  5:24  Terran Infantry Weapons Level 1  
  68  5:25  Supply Depot  
  69  5:29  SCV  
  69  5:35  SCV, Refinery  
  71  5:36  Supply Depot  
  71  5:40  Marine x2  
  71  5:43  SCV  
  71  5:47  SCV, Starport Reactor, Marine, Siege Tank  
  76  5:55  SCV  
  77  5:59  SCV  
  77  6:02  Supply Depot  
  78  6:04  Marine x2  
  78  6:05  Barracks Tech Lab, Marauder  
  78  6:07  SCV  
  83  6:12  SCV  
  83  6:19  Siege Tank  
  83  6:20  SCV  
  83  6:24  SCV  
  86  6:33  Marine  
  86  6:34  Marine, Marauder x2  
  80  6:51  Marine x2, Siege Tank  
  80  6:53  Supply Depot, Barracks  
  85  6:55  Barracks, Marauder x2, Medivac  
  85  6:58  Command Center  
  85  7:00  Concussive Shells  
  91  7:01  Combat Shield  
  91  7:07  Supply Depot  
  91  7:10  Supply Depot  
  91  7:11  Marine x2  
  93  7:16  Marauder x2  
  93  7:20  SCV x2  
  99  7:25  Medivac  
  99  7:29  Medivac  
  103  7:32  SCV x2  
  103  7:36  Terran Infantry Armor Level 1  
  105  7:37  Marine x2  
  105  7:38  Marauder x2  
  111  7:44  Barracks Reactor, SCV  
  111  7:45  SCV, Barracks Tech Lab  
  113  7:55  Marine x2  
  113  7:56  Siege Tank  
  113  7:57  SCV x2  
  120  8:03  Viking x2  
  120  8:04  Marauder  
  126  8:10  SCV x2, Marauder x2  
  126  8:11  Orbital Command  
  132  8:12  Supply Depot  
  132  8:16  Marine x2  
  134  8:22  SCV x2  
  134  8:26  Marauder, Marine x2  
  140  8:34  Viking x2, Marauder x2  
  140  8:37  Supply Depot, SCV  
  140  8:38  Supply Depot  
  140  8:39  SCV x2, Siege Tank  
  154  8:43  Marine x2  
  154  8:46  Supply Depot x2  
  156  8:49  Refinery  
  156  8:51  Refinery  
  156  8:57  Marine  
  156  8:58  Marine, Marauder x3  
  164  9:04  Viking x2  
  164  9:22  Marauder x2  
  168  9:25  Marine x3  
  170  9:34  Medivac  
  170  9:36  Marauder  
  170  9:37  Marine  
  174  9:43  Marine x3, Marauder x2  
  181  9:47  Supply Depot, Armory  
  181  9:48  Engineering Bay  
  181  9:49  Supply Depot  
  177  9:58  Medivac, Siege Tank  
  183  10:04  Medivac  
  176  10:12  Marauder x2, Marine x2  
  176  10:13  Marauder  
  181  10:16  Marine  
  181  10:17  Marine  
  183  10:28  Medivac  
  184  10:33  Marine x2  
  184  10:34  Marauder x3, Medivac  
  163  10:46  Marine x2  
  163  10:48  Siege Tank  
  143  10:51  Marine  
  143  10:52  SCV x2  
  143  10:55  Marauder x3  
  143  10:57  Marine  
  146  11:02  Liberator  
  146  11:04  Marine, Liberator  
  148  11:05  Marine  
  153  11:16  Marine x2, Marauder  
  153  11:17  Marauder x2  
  161  11:20  Siege Tank  
  161  11:21  Command Center  
  157  11:25  Marine  
  157  11:26  Marine  
Tags
 
Add a new tag
Caveats
  • Supply blocks, unpowered buildings, or Contaminate may cause inaccurate times.
  • Supply counts are checked every 10 seconds.